 Dungeon Crawl Stone Soup version 0.31.0-32-g396128a36d (webtiles) character file.

Game seed: 1873069682484440137

73 Gadfly the Insei (level 4, 33/35 HPs)
             Began as a Demonspawn Monk on Mar 9, 2024.
             Quit the game on level 3 of the Dungeon.
             The game lasted 00:03:11 (1893 turns).

Gadfly the Insei (Demonspawn Monk)                  Turns: 1893, Time: 00:03:11

Health: 33/35      AC:  5    Str: 13    XL:     4   Next: 8%
Magic:  4/4        EV: 13    Int: 11    God:
Gold:   111        SH:  0    Dex: 15    Spells: 3/3 levels left

rFire   . .          .
                       - Unarmed
rCold   . . .        c - orb {light}
rNeg    . . .        a - +0 robe
rPois   .            (helmet restricted)
rElec   .            (no cloak)
rCorr   .            (no gloves)
SInv    +            f - +2 pair of boots
Will    .....        (no amulet)
Stlth   +            g - ring of see invisible
HPRegen 0.25/turn    (no ring)
MPRegen 0.09/turn

%: no passive effects
@: glowing
A: horns 1, demonic magic 1
a: no special abilities


You were on level 3 of the Dungeon.
You visited 1 branch of the dungeon, and saw 3 of its levels.

You collected 111 gold pieces.

Inventory:

Armour
 a - a +0 robe (worn)
 c - an orb of light (worn)
 f - a +2 pair of boots (worn)
Jewellery
 g - a ring of see invisible (left hand)
Talismans
 l - a flux talisman
Scrolls
 k - a scroll of fear
Potions
 b - a potion of ambrosia
 d - 2 potions of curing
 e - a potion of attraction {unknown}
 h - a potion of haste {unknown}
 i - a potion of magic {unknown}
 j - a potion of heal wounds {unknown}
 m - a potion of resistance {unknown}
 o - 2 potions of berserk rage {unknown}


   Skills:
 - Level 3.0 Fighting
 + Level 3.0 Dodging
 * Level 3.3 Unarmed Combat
 * Level 1.8 Evocations
 * Level 1.3 Shapeshifting


You had 3 spell levels left.
You didn't know any spells.
Your spell library contained the following spells:

 Spells                   Type           Power      Damage    Failure   Level
 Kiss of Death            Conj/Necr      0%         2d5       34%         1
 Static Discharge         Conj/Air       0%         3-3/arc   47%         2
 Confusing Touch          Hex            0%         N/A       71%         3
 Swiftness                Air            0%         N/A       71%         3
 Airstrike                Air            0%         2d(0-16)  98%         4
 Dispel Undead            Necr           0%         3d6       98%         4
 Summon Lightning Spire   Summ/Air       0%         N/A       98%         4
 Spellforged Servitor     Conj/Summ      0%         N/A       100%        7


Dungeon Overview and Level Annotations

Branches:
Dungeon (3/15)

Altars:

Shops:
D:1 !


Innate Abilities, Weirdness & Mutations

You have a pair of small horns on your head.
Spells you cast may paralyse adjacent enemies.


Message History

You are frozen.
You hit the endoplasm.
You kill the endoplasm!
No target in view!
No target in view!
No target in view!
No target in view!
No target in view!
No target in view!
No target in view!
No target in view!
HP restored.
i - a smoky amethyst potion You open the door.
There is an open door here.
An adder comes into view.
An adder is nearby!
The adder hisses angrily.
The adder bites you but does no damage.
You hit the adder but do no damage.
You headbutt the adder, but do no damage.
The adder bites you but does no damage.
You hit the adder.
The adder is lightly wounded.
The adder misses you.
You closely miss the adder.
The adder is lightly wounded.
The adder bites you but does no damage. The adder misses you.
You hit the adder.
The adder is severely wounded.
The adder bites you.
You hit the adder but do no damage. You headbutt the adder.
The adder is severely wounded.
The adder bites you but does no damage.
You hit the adder.
You kill the adder!
You have reached level 4!
You feel clever.
Your demonic ancestry asserts itself...
A menacing aura infuses your magic.
Are you sure you want to abandon this character and quit the game? (Confirm with "yes".)

#..#.##
##...##
#.#.## ##'##
#.### #.# #.#
#.# #.# ##.##
... ##...##
#.# #.....#
#.
#....####..
#.#.@.......
..###†#####..
### ..# .#.#
###.# #.# #.#
#.#


There were no monsters in sight!

Vanquished Creatures
  3 adders
  3 dart slugs
  4 ball pythons
  3 endoplasms
  A giant cockroach (D:1)
  5 goblins
  A hobgoblin (D:2)
  4 jackals (D:1)
  5 kobolds
  A quokka (D:1)
  4 bats
  2 frilled lizards
  2 rats
38 creatures vanquished.

Notes
Turn   | Place    | Note
-------+----------+-------------------------------------------
     0 | D:1      | Gadfly the Demonspawn Monk began the quest for the Orb.
     0 | D:1      | Reached XP level 1. HP: 18/18 MP: 1/1
   171 | D:1      | Found Koip's Distillery.
   231 | D:1      | Gained mutation: You have a pair of small horns on your
                  | head. [demonic ancestry]
   231 | D:1      | Reached XP level 2. HP: 13/24 MP: 2/2
   465 | D:1      | Reached skill level 1 in Evocations
  1142 | D:2      | Reached skill level 1 in Shapeshifting
  1142 | D:2      | Reached XP level 3. HP: 29/29 MP: 3/3
  1358 | D:2      | Identified the +2 helmet "Oromm" {Int+3}
  1465 | D:2      | Got the Catalogue of the Weathered Gang
  1536 | D:2      | Found a faded altar of an unknown god.
  1893 | D:3      | Gained mutation: Spells you cast may paralyse adjacent
                  | enemies. [demonic ancestry]
  1893 | D:3      | Reached XP level 4. HP: 33/35 MP: 4/4
  1893 | D:3      | Quit the game

Illustrated notes

Levels and vault maps discovered:
D:1:      sevenhm_arrival_forest_fort_large_2, layout_loops_ring, serial_shops,
          nicolae_shop_industrial_runoff
D:2:      layout_basic, ebering_ecumenical_altar_petrified,
          corexii_leaking_fountain
D:3:      layout_loops_corners, overflow_temple_1_default,
          nicolae_uskayaw_en_pointe

Skill      XL: |  1  2  3 |
---------------+----------+-----
Unarmed Combat | 3 |  3.3
Evocations     | 1 |  1.8
Shapeshifting  | 1 |  1.3
Dodging        | 3 |  3.0
Fighting       | |  3.0

Action                     |  1- 3 |  4- 6 || total
---------------------------+-------+-------++-------
  Melee: Unarmed           |   112 |       ||   112
         Headbutt          |    13 |       ||    13
    Use: Scroll            |     4 |       ||     4
         Potion            |     1 |       ||     1
 Armour: Robe              |    44 |       ||    44
  Dodge: Dodged            |    66 |       ||    66
